Arrhythmia, chaotic female vampiric Convict ------ ------------ #####.....| |..........| # |...%.########0 |%..........@II###|.%..| |..........| ##.....| |.<........+ ##%------ --------.-.- ### ## ## Arrhythmia the Jail-bird Experience level: 8 Strength: 16 Dexterity: 12 Constitution: 19 Intelligence: 11 Wisdom: 9 Charisma: 7 Health: 0(80) Energy: 46(46) AC: 3 Gold: 0 Moves: 4359 Your Inventory: Weapons N - a blessed fireproof [+1] sling of detonation Armor b - an uncursed +0 striped shirt (being worn) k - an [uncursed] +0 cloak called Holy shit actually MR [of magic resistance] (being worn) u - an uncursed +1 small shield (being worn) w - an uncursed +0 pair of jackboots [high] (being worn) x - an uncursed +0 pair of padded gloves [leather] (being worn) B - an [uncursed] +0 helmet called Reg [helmet] (being worn) Wands e - an uncursed wand of striking [0:0] p - an uncursed wand of slow monster [0:5] Tools f - an uncursed bag called Sack [sack] o - an uncursed skeleton key P - an uncursed stethoscope Iron balls c - an uncursed heavy iron ball (weapon in hand) Contents of the sack: 702 gold pieces an [uncursed] scroll labeled ETAOIN SHRDLU [of enchant armor] an uncursed scroll of confuse monster an uncursed scroll of create monster a cursed scroll of identify an [uncursed] scroll of identify 2 uncursed scrolls of remove curse an uncursed scroll of teleportation Spells known in the end: Name Level Category Fail Memory Your skills at the end: Fighting Skills Weapon Skills sling [Basic / Skilled] Spellcasting Skills Final Attributes: You were piously aligned. Hunger level was 42. Your alignment was 31 / 31. Monster difficulty range was 1 - 7. Level difficulty was 7. You were immune to poison. You were immune to level-drain. You were immune to sickness. You were magic-protected. You were blinded. You could fly. You could survive without air. You regenerated. You were lucky (2). You are dead. Vanquished creatures: a small mimic 4 watchmen a giant beetle a leprechaun a gold golem a jaguar a snake a human zombie 3 Mordor orcs a rock piercer an enormous rat a rock mole 2 ponies 2 fog clouds a shrieker 4 gnome lords a kobold mummy a black naga hatchling a wax golem 6 giant ants a floating eye 4 dwarves a homunculus a kobold lord 10 hill orcs 2 rothes a monkey 4 iguanas 2 acid blobs a gas spore 3 hobbits a hobgoblin 2 cave spiders a brown mold a yellow mold 24 gnomes a gnome zombie a gecko 2 jackals a kobold 2 goblins 4 lichens 2 newts 107 creatures vanquished. Voluntary challenges: You went without food. You never hit with a wielded weapon. You read items or engraved 6 times. You put on armor 19 times. You never genocided any monsters. You never polymorphed an object. You never changed form. You used no wishes. You abstained from Elbereth's help. You never encountered a bones level. You never used any Sokoban shortcuts. Dungeon overview: The Dungeons of Doom: levels 1 to 7 Level 1 a long staircase Level 2 stairs to The Gnomish Mines Level 3 a sink Level 4 an altar to Tymora, a fountain Level 5 an altar to Tymora Level 6 a scroll shop, a fountain Level 7 <- You were here The Gnomish Mines: levels 3 to 5 Level 3 stairs to The Dungeons of Doom Level 5 a fountain History has recorded: On T:1 you entered the Dungeons of Doom to retrieve the Amulet of Yendor! On T:226 you reached level 2 of The Dungeons of Doom. On T:244 you reached level 3 of The Dungeons of Doom. On T:336 you reached level 1 of The Gnomish Mines. On T:340 you advanced to experience level 2. On T:344 you advanced to experience level 3. On T:351 you advanced to experience level 4. On T:383 you advanced to experience level 5. On T:648 you advanced to experience level 6. On T:743 you reached level 2 of The Gnomish Mines. On T:1119 you advanced to experience level 7. On T:1218 you reached level 3 of The Gnomish Mines. On T:1696 you reached level 4 of The Dungeons of Doom. On T:2303 you reached level 5 of The Dungeons of Doom. On T:2672 you received a fireproof sling of detonation from Tymora. On T:2837 you reached level 6 of The Dungeons of Doom. On T:2994 you advanced to experience level 8. On T:4285 you reached level 7 of The Dungeons of Doom. Latest messages: It stings! [HP-19=42] You attack thin air. It bites! It stings! [HP-9=33] You miss it. You bite it. It just misses! It misses. It bites! It stings! [HP-13=20] You miss it. You bite it. It bites! It misses. [HP-4=16] You miss it. (2x) It bites! It stings! It bites! You die... Final status: Goodbye Arrhythmia the Convict... You died in The Dungeons of Doom on dungeon level 7 with 5798 points, and 702 pieces of gold, after 4359 moves. You were level 8 with a maximum of 80 hit points when you died.